 Dungeon Crawl Stone Soup version 0.30.1-11-g7821555f0a (webtiles) character file.

Game seed: 4052478532199953802

19435 zzzz the Severer (level 12, -5/110 HPs)
             Began as a Hill Orc Fighter on Nov 14, 2023.
             Was an Elder of Makhleb.
             Slain by a 14-headed hydra (8 damage)
             ... on level 12 of the Dungeon.
             The game lasted 00:49:33 (14091 turns).

zzzz the Severer (Hill Orc Fighter)                Turns: 14091, Time: 00:49:33

Health: -5/110     AC: 35    Str: 27    XL:     12   Next: 69%
Magic:  12/12      EV:  6    Int:  8    God:    Makhleb [****..]
Gold:   827        SH:  6    Dex: 10    Spells: 11/11 levels left

rFire   + + .        a - +4 war axe
rCold   + . .        c - +0 buckler
rNeg    . . .        A - +9 scales of the Dragon King {rPois rF+ rC+ Will+}
rPois   +            L - +0 helmet
rElec   .            G - +2 cloak {Will+}
rCorr   .            H - +0 pair of gloves
SInv    .            j - +0 pair of boots of Free Expression {Drain rPois Str+3}
Will    ++...        e - amulet of faith Stlth
                     s - ring of protection from fire
HPRegen 0.38/turn    v - ring of flight
MPRegen 0.13/turn

%: faith
@: flying
A: no striking features
a: Renounce Religion, Minor Destruction, Lesser Servant of Makhleb, Major
Destruction


You were on level 12 of the Dungeon.
You worshipped Makhleb.
Makhleb was greatly pleased with you.
You visited 3 branches of the dungeon, and saw 14 of its levels.

You collected 939 gold pieces.
You spent 112 gold pieces at shops.

Inventory:

Hand Weapons
 a - a +4 war axe (weapon)
Missiles
 P - 5 throwing nets (quivered)
Armour
 c - a +0 buckler (worn)
 j - the +0 pair of boots of Free Expression (worn) {Drain rPois Str+3}
   (You found it on level 4 of the Dungeon)

   Str:       It affects your strength (+3).
   rPois:     It protects you from poison.
   Drain:     It drains your maximum health when unequipped.
 A - the +9 scales of the Dragon King (worn) {rPois rF+ rC+ Will+}
   (You found it on level 6 of the Dungeon)

   rF:        It protects you from fire.
   rC:        It protects you from cold.
   rPois:     It protects you from poison.
   Will:      It increases your willpower.
 E - a +0 cloak
 G - a +2 cloak of willpower (worn)
 H - a +0 pair of gloves (worn)
 L - a +0 helmet (worn)
Jewellery
 e - an amulet of faith (around neck)
 s - a ring of protection from fire (left hand)
 v - a ring of flight (right hand)
 K - a ring of protection from fire
 Q - a ring of fire
Wands
 h - a wand of polymorph (3)
 k - a wand of flame (39)
 p - a wand of charming (32)
 B - a wand of iceblast (13)
 D - a wand of mindburst (7)
Scrolls
 g - 2 scrolls of noise
 i - 2 scrolls of amnesia
 l - 6 scrolls of teleportation
 m - 3 scrolls of vulnerability
 q - 3 scrolls of blinking
 r - 3 scrolls of magic mapping
 y - 2 scrolls of silence
 z - 3 scrolls of torment
 F - 5 scrolls of immolation
 O - 2 scrolls of fog
 S - a scroll of poison
Potions
 d - 4 potions of might
 f - a potion of ambrosia
 n - a potion of flight
 o - a potion of heal wounds
 t - 2 potions of cancellation
 u - 4 potions of degeneration
 w - 5 potions of attraction
 x - 3 potions of mutation {unknown}
 C - 4 potions of haste
 J - 2 potions of berserk rage
 M - a potion of magic {unknown}
 N - a potion of lignification {unknown}
 R - 2 potions of curing


   Skills:
 + Level 11.6 Fighting
 + Level 16.9 Axes
 + Level 11.0 Armour
 + Level 2.7 Dodging
 + Level 0.8 Stealth
 + Level 9.5 Shields
 + Level 0.1 Unarmed Combat


You had 11 spell levels left.
You didn't know any spells.
Your spell library contained the following spells:

 Spells                   Type           Power      Damage    Failure   Level
 Ensorcelled Hibernation  Hex/Ice        0%         N/A       100%        2
 Lesser Beckoning         Tloc           0%         N/A       100%        2
 Passwall                 Tmut/Erth      0%         N/A       100%        2
 Static Discharge         Conj/Air       0%         2-2/arc   100%        2
 Sublimation of Blood     Necr           0%         N/A       100%        2
 Wereblood                Tmut           0%         N/A       100%        2
 Gell's Gravitas          Tloc           0%         N/A       100%        3
 Portal Projectile        Hex/Tloc       0%         N/A       100%        3
 Swiftness                Air            0%         N/A       100%        3
 Teleport Other           Tloc           0%         N/A       100%        3
 Tukima's Dance           Hex            0%         N/A       100%        3
 Airstrike                Air            0%         2d(0-16)  100%        4
 Summon Lightning Spire   Summ/Air       0%         N/A       100%        4
 Blade Hands              Tmut           0%         N/A       100%        5
 Summon Hydra             Summ           0%         N/A       100%        7


Dungeon Overview and Level Annotations

Branches:
Dungeon (12/15)            Temple (1/1) D:5            Lair (1/5) D:8
    Orc: D:9-12

Altars:
Ashenzari
Cheibriados
Dithmenos
Elyvilon
Fedhas
Gozag
Hepliaklqana
Kikubaaqudgha
Makhleb
Nemelex Xobeh
Okawaru
Qazlal
Ru
Sif Muna
Trog
Uskayaw
Vehumet
Wu Jian
Xom
Yredelemnul
Zin
The Shining One

Shops:
D:5 =   D:7 ?   D:10 *(

Portals:
Abyss: D:6
Ice
Cave: Lair:1

Annotations:
D:6 2 transporters, 0gre's ghost, novice GnIE


Message History

The 14-headed hydra bites you but does no damage.
You barely miss the 14-headed hydra.
The 14-headed hydra is lightly wounded.
A vampire mosquito comes into view.
You feel much better.
The vampire mosquito buzzes angrily.
The 14-headed hydra bites you but does no damage.
The 14-headed hydra closely misses you.
The 14-headed hydra bites you but does no damage. x2
You block the 14-headed hydra's attack. The 14-headed hydra bites you.
The 14-headed hydra barely misses you. x2; The 14-headed hydra bites you!
The 14-headed hydra completely misses you.
The 14-headed hydra bites you. You block the 14-headed hydra's attack.
The 14-headed hydra bites you but does no damage. x2
The orc wizard gestures wildly while chanting.
The orc wizard flickers and vanishes!
Deactivating autopickup; reactivate with Ctrl-A.
You block the 14-headed hydra's attack. x2
The 14-headed hydra barely misses you.
The 14-headed hydra bites you but does no damage.
The 14-headed hydra bites you.
The 14-headed hydra bites you but does no damage. x2
The 14-headed hydra bites you!
* * * LOW HITPOINT WARNING * * *
The 14-headed hydra bites you but does no damage. x3
The 14-headed hydra bites you!
* * * LOW HITPOINT WARNING * * *
The 14-headed hydra bites you.
* * * LOW HITPOINT WARNING * * *
The 14-headed hydra bites you but does no damage.
The 14-headed hydra attacks as you move away!
The 14-headed hydra bites you but does no damage. x3
The 14-headed hydra bites you!
* * * LOW HITPOINT WARNING * * *
The 14-headed hydra bites you.
* * * LOW HITPOINT WARNING * * *
You block the 14-headed hydra's attack. The 14-headed hydra barely misses you.
The 14-headed hydra bites you but does no damage.
The 14-headed hydra bites you!
You die...

# #.# ## # #.# #.#
### # #.# ..# .. #
#.. #.... # ### #..
#..#y # #.# #...{ ###
# #.# #..W#..# #
###.# ###D#!# #...#
#.@.†#
#.#.#####}#####
#######.#.#.........#
..[.......#.###.###.#
#########.#.#(#../#
#.#.#.#.###.##..
#†)....⌠......#
#######.#.###.#.#.###
........#.#?..#?#


You could see a 14-headed hydra.

Vanquished Creatures
  Josephine (D:10)
  The ghost of lonewolfV2 the Cleaver, a journeyman HOFi of Zin (D:10)
  Harold (D:10)
  Erolcha (D:9)
  A boulder beetle (D:12)
  Amaemon (D:10)
  A swamp dragon (shapeshifter) (D:10)
  An orc knight (D:12)
  Pikel (D:6)
  A deep elf pyromancer (D:12)
  An ugly thing (D:12)
  A manticore (D:12)
  An orange demon (D:10)
  A gargoyle (D:10)
  An unseen horror (D:12)
  A cane toad (Lair:1)
  A komodo dragon (Lair:1)
  2 rime drakes (Lair:1)
  5 trolls
  A hornet (D:9)
  2 slime creatures (D:12)
  3 shadows
  A vampire (D:12)
  13 yaks
  4 wyverns
  3 wraiths (D:10)
  Grum (D:10)
  4 steam dragons
  5 vampire mosquitoes (D:12)
  Duvessa (D:6)
  An acid dragon (D:12)
  2 water moccasins
  4 orc warriors
  2 sky beasts (D:7)
  An ice beast (D:7)
  A black bear (D:8)
  3 ogres (D:5)
  4 wolves (D:10)
  6 centaurs
  4 lemures
  3 kobold brigands
  A gnoll sergeant (D:9)
  4 scorpions
  3 bullfrogs
  9 wights
  Dowan (D:5)
  6 killer bees (D:9)
  5 howler monkeys
  6 hounds
  2 jellies
  2 gnoll boudas
  4 orc priests
  Crazy Yiuf (D:7)
  A sleepcap (D:7)
  2 iguanas (D:5)
  9 orc wizards
  16 gnolls
  8 adders
  A shadow imp (D:5)
  A white imp (D:7)
  2 ufetubi
  5 dart slugs
  33 orcs
  7 endoplasms
  A giant cockroach (D:2)
  11 goblins
  7 hobgoblins
  13 jackals
  4 quokkas
  9 ball pythons
  4 bats
  4 frilled lizards
  19 kobolds
  3 rats
297 creatures vanquished.

Vanquished Creatures (others)
  A goblin (D:10)
1 creature vanquished.

Grand Total: 298 creatures vanquished

Notes
Turn   | Place    | Note
-------+----------+-------------------------------------------
     0 | D:1      | zzzz the Hill Orc Fighter began the quest for the Orb.
     0 | D:1      | Reached XP level 1. HP: 19/19 MP: 1/1
    61 | D:1      | Reached XP level 2. HP: 19/27 MP: 2/2
   156 | D:1      | Reached skill level 3 in Axes
   217 | D:1      | Reached XP level 3. HP: 23/33 MP: 3/3
   860 | D:2      | Reached XP level 4. HP: 40/40 MP: 4/4
   994 | D:2      | Reached skill level 4 in Axes
  1213 | D:3      | Found a sparkling altar of Nemelex Xobeh.
  1317 | D:3      | Reached XP level 5. HP: 47/47 MP: 5/5
  1382 | D:3      | Reached skill level 1 in Dodging
  1575 | D:3      | Reached skill level 5 in Axes
  1580 | D:3      | Reached XP level 6. HP: 49/53 MP: 6/6
  2261 | D:4      | Reached skill level 5 in Fighting
  2479 | D:4      | Noticed a steam dragon
  2527 | D:4      | Killed a steam dragon
  2528 | D:4      | Reached skill level 6 in Axes
  2528 | D:4      | Reached XP level 7. HP: 18/61 MP: 7/7
  2744 | D:4      | Found a white marble altar of Elyvilon.
  2772 | D:4      | Identified the +0 pair of boots of Free Expression {Drain
                  | rPois Str+3}
  2969 | D:4      | Reached skill level 7 in Axes
  3436 | D:4      | Found a glowing golden altar of the Shining One.
  3598 | D:5      | Entered Level 5 of the Dungeon
  3604 | D:5      | Found Yvedgh's Jewellery Emporium.
  3619 | D:5      | Reached skill level 5 in Armour
  3796 | D:5      | Found a staircase to the Ecumenical Temple.
  3812 | D:5      | Reached skill level 8 in Axes
  3812 | D:5      | Reached XP level 8. HP: 60/69 MP: 8/8
  3831 | D:5      | HP: 3/69 [ogre/+0 giant club (10)]
  4026 | Temple   | Entered the Ecumenical Temple
  4100 | Temple   | Became a worshipper of Makhleb the Destroyer
  4286 | D:5      | Reached skill level 9 in Axes
  4696 | D:6      | Noticed Pikel
  4827 | D:6      | Reached skill level 5 in Shields
  4840 | D:6      | Killed Pikel
  5049 | D:6      | Noticed Dowan
  5050 | D:6      | Noticed Duvessa
  5057 | D:6      | Reached XP level 9. HP: 69/78 MP: 9/9
  5079 | D:6      | Killed Duvessa
  5080 | D:6      | Reached skill level 10 in Axes
  5113 | D:5      | Killed Dowan
  5352 | D:6      | Found a transporter.
  5358 | D:6      | Found a one-way gate to the infinite horrors of the Abyss.
  5358 | D:6      | Noticed 0gre's ghost (novice GnIE)
  5359 | D:6      | Found a transporter.
  6082 | D:6      | Found the +9 scales of the Dragon King {rPois rF+ rC+
                  | Will+}
  6096 | D:6      | Reached * piety under Makhleb
  6563 | D:7      | Reached skill level 11 in Axes
  6827 | D:7      | Found Zadiavis's Magic Scroll Boutique.
  6843 | D:7      | Bought a scroll of enchant weapon for 112 gold pieces
  7036 | D:7      | Found a basalt altar of Yredelemnul.
  7036 | D:7      | Found an ornate altar of the Wu Jian Council.
  7051 | D:7      | Reached skill level 12 in Axes
  7052 | D:7      | Reached ** piety under Makhleb
  7180 | D:7      | Found a runed translucent door.
  7181 | D:7      | Noticed Crazy Yiuf
  7187 | D:7      | Killed Crazy Yiuf
  7267 | D:7      | Reached XP level 10. HP: 86/86 MP: 10/10
  8080 | D:8      | Found a staircase to the Lair.
  8559 | D:8      | Reached skill level 13 in Axes
  9128 | Lair:1   | Entered Level 1 of the Lair of Beasts
  9193 | Lair:1   | Noticed a cane toad
  9197 | Lair:1   | Killed a cane toad
  9374 | Lair:1   | Found a frozen archway.
  9389 | Lair:1   | Reached *** piety under Makhleb
  9780 | D:9      | Noticed Erolcha
  9802 | D:9      | Killed Erolcha
  9803 | D:9      | Reached skill level 14 in Axes
  9841 | D:9      | Found a glowing silver altar of Zin.
  9862 | D:9      | Reached XP level 11. HP: 61/95 MP: 11/11
  9886 | D:9      | Found a sacrificial altar of Ru.
 10151 | D:9      | Found a broken altar of Ashenzari.
 10367 | D:9      | Found a stormy altar of Qazlal.
 10397 | D:9      | Found a radiant altar of Vehumet.
 10660 | D:10     | Entered Level 10 of the Dungeon
 10701 | D:10     | Found a flagged portal.
 10725 | D:10     | Noticed Josephine
 10744 | D:10     | Killed Josephine
 10745 | D:10     | Reached skill level 15 in Axes
 10893 | D:10     | Noticed Grum
 10930 | D:10     | Reached **** piety under Makhleb
 10941 | D:10     | Killed Grum
 11081 | D:10     | Noticed Harold
 11097 | D:10     | Killed Harold
 11129 | D:10     | Found Nel Ugink's Weapon Boutique.
 11143 | D:10     | Found a runed translucent gate.
 11173 | D:10     | Noticed Amaemon
 11198 | D:10     | Killed Amaemon
 11199 | D:10     | Reached skill level 10 in Fighting
 11226 | D:10     | HP: 2/99 [troll (3)]
 11718 | D:10     | You are sucked into a shaft and drop 2 floors!
 11770 | D:12     | Noticed a boulder beetle
 11855 | D:12     | Killed a boulder beetle
 12256 | D:11     | Reached skill level 16 in Axes
 12256 | D:11     | Reached XP level 12. HP: 86/107 MP: 12/12
 12296 | D:10     | Reached skill level 10 in Armour
 12339 | D:10     | Found an opulent altar of Gozag.
 12343 | D:10     | Found a runed translucent gate.
 12344 | D:10     | Found a runed translucent gate.
 12345 | D:10     | Found Vypn's Assorted Antiques.
 12345 | D:10     | Noticed lonewolfV2's ghost (journeyman HOFi)
 12440 | D:10     | Killed lonewolfV2's ghost
 12713 | D:10     | Identified the staff of conjuration "Naatuew" {Fly rF- rC+
                  | rN+}
 12745 | D:10     | Found a shadowy altar of Dithmenos.
 13379 | D:11     | Found a stormy altar of Qazlal.
 13784 | D:11     | Identified the +7 flail of Armageddon {vamp, Int+5 Dex-4}
 14073 | D:12     | Noticed an eight-headed hydra
 14091 | D:12     | HP: 3/110 [14-headed hydra (4)]
 14091 | D:12     | Slain by a 14-headed hydra

Illustrated notes

Levels and vault maps discovered:
D:1:      spicycebolla_arrival_ecumenical, layout_rooms
D:2:      layout_rooms, cheibrodos_gnoll_hut
D:3:      layout_basic, mainiacjoe_overflow_tiny_flanked, serial_park_tiny_pond
D:4:      minmay_chambers_of_fours, layout_basic, lemuel_crystal_altar,
          kennysheep_little_box, minmay_fractal_squares_5
D:5:      layout_cave_pools, minmay_temple_entry_proselytizer, serial_shops,
          shop, chequers_serial_rivers_room_a
D:6:      layout_basic, serial_glass, glass_columns_c, glass_columns_a,
          gammafunk_ghost_abyssal_escape, uniq_pikel, uniq_duvessa
D:7:      layout_layer_cave, gammafunk_temple_overflow_pools, serial_shops,
          shop, minivault_23, uniq_crazy_yiuf_cottage
D:8:      layout_basic, lair_entry_dummy
D:9:      layout_loops_ring, evilmike_ruin_ashenzari,
          mainiacjoe_overflow_catch_the_wave, lemuel_doored_altar,
          nicolae_vehumet_altar_sigil, uniq_erolcha
D:10:     layout_basic, mainiacjoe_overflow_paths, serial_shops,
          nicolae_shop_bloodbath_and_beyond, ebering_ghost_gozag,
          enter_bailey_5, kennysheep_generic_room_16, uniq_josephine, uniq_grum,
          uniq_harold, uniq_amaemon
D:11:     gammafunk_indiana_jones, layout_loops_ring, grunt_qazlal_clouds
D:12:     minmay_the_grid_3x3 [minmay_the_grid_aliased_spiral,
          minmay_the_grid_minigrid_medium, minmay_the_grid_spin_star,
          minmay_the_grid_doors, minmay_the_grid_medium_cups,
          minmay_the_grid_minigrid_small, minmay_the_grid_odd_star,
          minmay_the_grid_spikes, minmay_the_grid_prize_big_room],
          layout_loops_ring, orc_0_dummy
Temple:   hellmonk_temple_of_storms
Lair:1:   layout_roguey, portal_ice_cave_rime

Skill      XL: |  1  2  3  4  5  6  7  8  9 10 11 12 |
---------------+-------------------------------------+-----
Axes           | 3 4 5 6 8 9 12 14 16 | 16.9
Fighting       | 4 5 6 7 8 10 11 | 11.6
Shields        | 4 5 6 7 8 9 |  9.5
Dodging        | 1 2 |  2.7
Armour         | 4 5 6 7 8 9 11 | 11.0
Stealth        | |  0.8
Unarmed Combat | |  0.1

Action                     |  1- 3 |  4- 6 |  7- 9 | 10-12 || total
---------------------------+-------+-------+-------+-------++-------
  Melee: War axe           |    86 |   170 |   347 |   630 ||  1233
         Unarmed           |       |       |     3 |       ||     3
    Use: Scroll            |       |     7 |     9 |    11 ||    27
         Potion            |       |       |     8 |     2 ||    10
 Armour: Scale mail        |    80 |    99 |   108 |       ||   287
         Skin              |       |       |     2 |       ||     2
         Gold dragon scale |       |       |    89 |   648 ||   737
  Dodge: Dodged            |    79 |    98 |   175 |   218 ||   570
  Block: Buckler           |    30 |    39 |   106 |   203 ||   378
